 Dungeon Crawl Stone Soup version 0.29.0-13-gc9e81de378 (webtiles) character file.

Game seed: 3960474126358301985

11758 groovy9 the Grappler (level 11, -7/157 HPs)
             Began as a Troll Berserker on Sept 7, 2022.
             Was a High Priest of Trog.
             Mangled by a warg (13 damage)
             ... on level 1 of the Orcish Mines.
             The game lasted 00:57:18 (10204 turns).

groovy9 the Grappler (Troll Berserker)             Turns: 10204, Time: 00:57:19

Health: -7/157     AC:  8    Str: 41    XL:     11   Next: 53%
Magic:  29/29      EV: 12    Int: 10    God:    Trog [*****.]
Gold:   789        SH:  0    Dex: 12    Spells: 10/10 levels left

rFire   . . .      SeeInvis .     - Unarmed
rCold   . . .      Faith    .   (no shield)
rNeg    . . .      Spirit   .   B - +1 robe of the Loofah {+Blink Will- rCorr Str+6 Dex+3}
rPois   .          Reflect  .   m - +3 hat of Pondering {ponderous, Will+ MP+10 Int+5}
rElec   .          Harm     .   (no cloak)
rCorr   +          Rampage  .   (gloves unavailable)
Will    .....                   (boots unavailable)
Stlth   ..........              K - amulet of regeneration
HPRegen 1.96/turn               F - ring of magical power
MPRegen 0.21/turn               M - +6 ring of strength

@: berserking, very quick
A: large, unfitting armour, claws 3, regeneration 1, shaggy fur 1, tough skin 1
a: Renounce Religion, Evoke Blink, Berserk, Trog's Hand, Brothers in Arms


You were on level 1 of the Orcish Mines.
You worshipped Trog.
Trog was extremely pleased with you.
You visited 2 branches of the dungeon, and saw 10 of its levels.

You collected 870 gold pieces.
You spent 81 gold pieces at shops.

Inventory:

Hand Weapons
 L - a +7 vorpal mace
Missiles
 e - 6 large rocks (quivered)
 t - 10 boomerangs
 y - 4 datura-tipped darts
 A - 15 poisoned darts
 E - 2 atropa-tipped darts
 P - 5 javelins
Armour
 a - a +1 cloak of preservation
 m - the +3 hat of Pondering (worn) {ponderous, Will+ MP+10 Int+5}
   (You took it off Gastronok on level 9 of the Dungeon)

   Int:       It affects your intelligence (+5).
   MP:        It affects your magic capacity (+10).
   Will:      It increases your willpower.
 o - +0 steam dragon scales
 B - the +1 robe of the Loofah (worn) {+Blink Will- rCorr Str+6 Dex+3}
   (You took it off Eustachio on level 4 of the Dungeon)

   Str:       It affects your strength (+6).
   Dex:       It affects your dexterity (+3).
   +Blink:    It lets you blink.
   rCorr:     It protects you from acid and corrosion.
   Will:      It decreases your willpower.
 C - a +2 robe of positive energy
Jewellery
 d - an amulet of guardian spirit
 D - an amulet of magic regeneration
 F - a ring of magical power (left claw)
 K - an amulet of regeneration (around neck)
 M - a +6 ring of strength (right claw)
 O - an amulet of the acrobat
Wands
 q - a wand of quicksilver (4)
 v - a wand of flame (40)
 G - a wand of digging (7)
Scrolls
 c - 4 scrolls of amnesia
 J - a scroll of magic mapping
Potions
 b - 10 potions of curing
 f - 2 potions of degeneration
 g - a potion of might
 h - 3 potions of mutation
 i - 2 potions of flight {unknown}
 j - 5 potions of heal wounds
 k - 2 potions of invisibility
 l - 2 potions of lignification
 p - 4 potions of attraction
 w - a potion of berserk rage
 x - 2 potions of magic
Miscellaneous
 r - a phial of floods


   Skills:
 - Level 6.2 Fighting
 + Level 4.5 Maces & Flails
 + Level 6.2 Dodging
 - Level 12.0 Unarmed Combat
 + Level 7.1 Evocations


You had 10 spell levels left.
You didn't know any spells.
Your spell library was empty.

Dungeon Overview and Level Annotations

Branches:
Dungeon (9/15)             Temple (0/1) D:4             Orc (1/2) D:9
   Lair: D:8-11

Altars:
Elyvilon
Gozag
Kikubaaqudgha
Ru
Sif Muna
Uskayaw
Vehumet
Wu Jian

Shops:
D:3 [   Orc:1 (

Portals:
Abyss: D:5

Annotations:
Orc:1 1 transporter, TarVian's ghost, journeyman MiFi


Innate Abilities, Weirdness & Mutations

You are too large for most types of armour.
You have claws for hands.
Your natural rate of healing is unusually fast.
You are covered in fur. (AC +1)
You have tough skin. (AC +1)


Message History

You claw TarVian's ghost!
TarVian's ghost is heavily damaged.
The warg bites you but does no damage. The warg barely misses you.
The warg bites you!
You claw TarVian's ghost!
You claw TarVian's ghost, but do no damage.
TarVian's ghost is heavily damaged.
The warg bites you! The warg completely misses you. The warg bites you.
The warg barely misses you.
You scratch TarVian's ghost but do no damage.
TarVian's ghost is heavily damaged.
The warg bites you but does no damage. The warg closely misses you.
TarVian's ghost hits you! TarVian's ghost freezes you.
The warg completely misses you.
You are too berserk!
You mangle the warg!!
The warg is almost dead.
The warg barely misses you.
The warg bites you! x2; The warg bites you.
The warg closely misses you. TarVian's ghost hits you.
TarVian's ghost freezes you. The warg bites you but does no damage.
You closely miss TarVian's ghost.
TarVian's ghost is heavily damaged.
The warg closely misses you. x2; The warg bites you.
The warg barely misses you.
You scratch TarVian's ghost but do no damage.
TarVian's ghost is heavily damaged.
The warg closely misses you. TarVian's ghost hits you!!
* * * LOW HITPOINT WARNING * * *
TarVian's ghost freezes you!
* * * LOW HITPOINT WARNING * * *
The warg bites you!!
* * * LOW HITPOINT WARNING * * *
You scratch TarVian's ghost but do no damage.
TarVian's ghost is heavily damaged.
The warg barely misses you. The warg closely misses you. The warg misses you.
The moth of wrath goads the warg on!
The warg goes berserk!
The warg bites you but does no damage.
You mangle TarVian's ghost!!
TarVian's ghost is severely damaged.
The warg bites you!
You die...

..### ##.##.......##.............
..#.## ####....#...##.#......#..#
..#..## ##.............#.......##
......###..####.©.####.......#.##
......#.#.##..##### .###........#
..........#.$..}!/[.#..##...##.##
.........##.##..h###....#.######
.........#.$..h#hh...#.##.#
.........#Wh##hW@h.#.yh#..#
.........#.....h#h.##.h#.##
.........##...#y .#... #.#
..........#....# .....##.#
.....####.#####. ###y##..#
......###.....####©###..###
......##.####..........##.##
))........#..........###...##
>####.................#.....#


You could see a moth of wrath, 8 wargs and TarVian's ghost.

Vanquished Creatures
  Gastronok (D:9)
  Erica (D:9)
  2 two-headed ogres (D:7)
  Pikel (D:5)
  A cyclops (Orc:1)
  Maurice (D:9)
  The ghost of xian the Shooter, a novice DsMo of Makhleb (D:5)
  A troll (D:9)
  Prince Ribbit (D:5)
  Grinder (D:4)
  Sigmund (D:3)
  A wyvern (D:9)
  Eustachio (D:4)
  5 yaks (D:8)
  6 steam dragons
  An acid dragon (D:8)
  8 orc warriors
  Duvessa (D:5)
  A sky beast (D:8)
  2 ice beasts (D:7)
  2 ogres (D:5)
  A lemure (D:5)
  3 centaurs
  A phantom (D:5)
  Blork the orc (D:4)
  A bullfrog (D:7)
  A kobold brigand (D:4)
  6 scorpions
  3 small abominations (D:5)
  2 necrophages
  9 wights
  Dowan (D:5)
  3 killer bees (D:9)
  2 howler monkeys (D:4)
  9 orc priests
  3 hounds
  2 jellies
  2 gnoll boudas (D:6)
  Ijyb (D:3)
  Terence (D:3)
  4 iguanas
  8 orc wizards
  Robin (D:4)
  6 gnolls (D:6)
  9 adders
  A shadow imp (D:5)
  2 white imps
  5 dart slugs
  50 orcs
  10 ball pythons
  13 endoplasms
  3 giant cockroaches
  17 goblins
  14 hobgoblins
  2 jackals (D:4)
  2 quokkas
  4 bats
  6 frilled lizards
  28 kobolds
  8 rats
285 creatures vanquished.

Vanquished Creatures (collateral kills)
  An orc knight (Orc:1)
  An orc priest (Orc:1)
  4 orcs (Orc:1)
6 creatures vanquished.

Vanquished Creatures (others)
  A kobold (D:4)
  61 plants (D:4)
62 creatures vanquished.

Grand Total: 353 creatures vanquished

Notes
Turn   | Place    | Note
-------+----------+-------------------------------------------
     0 | D:1      | groovy9 the Troll Berserker began the quest for the Orb.
     0 | D:1      | Reached XP level 1. HP: 22/22 MP: 0/0
   190 | D:1      | Reached XP level 2. HP: 29/29 MP: 1/1
   588 | D:1      | Reached ** piety under Trog
   589 | D:1      | Reached XP level 3. HP: 36/36 MP: 2/2
   635 | D:1      | Reached skill level 4 in Unarmed Combat
   656 | D:1      | Found a faded altar of an unknown god.
  1177 | D:2      | Reached XP level 4. HP: 40/45 MP: 3/3
  1619 | D:3      | Found Voengasi's Antique Armour Emporium.
  1636 | D:3      | Found an opulent altar of Gozag.
  1681 | D:3      | Found an ornate altar of the Wu Jian Council.
  1697 | D:3      | Found a hide-covered altar of Uskayaw.
  1729 | D:3      | Noticed Sigmund
  1741 | D:3      | Killed Sigmund
  1742 | D:3      | Reached skill level 5 in Unarmed Combat
  1742 | D:3      | Reached XP level 5. HP: 54/54 MP: 2/4
  1742 | D:3      | Reached XP level 6. HP: 62/62 MP: 2/5
  1971 | D:3      | Found a sacrificial altar of Ru.
  2047 | D:3      | Noticed Ijyb
  2058 | D:3      | Killed Ijyb
  2209 | D:3      | Noticed Terence
  2215 | D:3      | Killed Terence
  2216 | D:3      | Reached skill level 6 in Unarmed Combat
  2372 | D:3      | Bought a glowing robe for 81 gold pieces
  2432 | D:4      | Reached *** piety under Trog
  2434 | D:4      | Noticed Blork the orc
  2442 | D:4      | Killed Blork the orc
  2507 | D:4      | Noticed a steam dragon
  2523 | D:4      | Killed a steam dragon
  2524 | D:4      | Reached skill level 7 in Unarmed Combat
  2524 | D:4      | Reached XP level 7. HP: 71/71 MP: 4/6
  2632 | D:4      | Noticed Grinder
  2640 | D:4      | Killed Grinder
  2750 | D:4      | Reached skill level 8 in Unarmed Combat
  2769 | D:4      | Reached skill level 5 in Fighting
  2876 | D:4      | Reached XP level 8. HP: 80/80 MP: 7/7
  2924 | D:4      | Noticed Robin
  2931 | D:4      | Killed Robin
  3028 | D:4      | Reached **** piety under Trog
  3120 | D:4      | Found a staircase to the Ecumenical Temple.
  3200 | D:4      | Identified the +1 robe of the Loofah {+Blink Will- rCorr
                  | Str+6 Dex+3}
  3200 | D:4      | Noticed Eustachio
  3207 | D:4      | Killed Eustachio
  3542 | D:5      | Entered Level 5 of the Dungeon
  3633 | D:5      | Reached skill level 9 in Unarmed Combat
  3658 | D:5      | Found a transporter.
  3658 | D:5      | Found a one-way gate to the infinite horrors of the Abyss.
  3658 | D:5      | Found a transporter.
  3658 | D:5      | Noticed xian's ghost (novice DsMo)
  3774 | D:5      | Killed xian's ghost
  3775 | D:5      | Reached skill level 10 in Unarmed Combat
  3860 | D:5      | Noticed Duvessa
  3861 | D:5      | Noticed Dowan
  3873 | D:5      | Killed Duvessa
  3874 | D:5      | Reached XP level 9. HP: 89/89 MP: 6/8
  3876 | D:5      | Killed Dowan
  3999 | D:5      | Noticed Prince Ribbit
  4005 | D:5      | Killed Prince Ribbit
  4006 | D:5      | Reached skill level 1 in Evocations
  4138 | D:5      | Found a radiant altar of Vehumet.
  4138 | D:5      | Found an ancient bone altar of Kikubaaqudgha.
  4140 | D:5      | Found a shimmering blue altar of Sif Muna.
  4481 | D:5      | Noticed Pikel
  4487 | D:5      | Killed Pikel
  4488 | D:5      | Reached skill level 11 in Unarmed Combat
  4924 | D:6      | Found a white marble altar of Elyvilon.
  5880 | D:7      | Reached XP level 10. HP: 98/98 MP: 9/9
  5952 | D:7      | Noticed a two-headed ogre
  5962 | D:7      | Killed a two-headed ogre
  5963 | D:7      | Reached skill level 12 in Unarmed Combat
  6379 | D:7      | Reached skill level 5 in Evocations
  7064 | D:8      | Noticed a two-headed ogre
  7077 | D:7      | Killed a two-headed ogre
  7237 | D:8      | Reached ***** piety under Trog
  8543 | D:8      | Reached skill level 1 in Maces & Flails
  8661 | D:9      | Noticed Gastronok
  8663 | D:9      | Noticed Maurice
  8672 | D:9      | Killed Gastronok
  8673 | D:9      | Reached skill level 5 in Dodging
  8673 | D:9      | Reached XP level 11. HP: 105/105 MP: 10/10
  8731 | D:9      | Killed Maurice
  8764 | D:9      | Noticed Erica
  8772 | D:9      | Killed Erica
  9005 | D:9      | Found a staircase to the Orcish Mines.
  9558 | Orc:1    | Entered Level 1 of the Orcish Mines
  9798 | Orc:1    | Found Duvo's Antique Weapon Emporium.
  9884 | Orc:1    | Noticed an orc knight
  9897 | Orc:1    | Killed an orc knight
 10076 | Orc:1    | Found a transporter.
 10078 | Orc:1    | Noticed TarVian's ghost (journeyman MiFi)
 10142 | Orc:1    | Found a transporter.
 10202 | Orc:1    | HP: 4/157 [warg (21)]
 10204 | Orc:1    | Mangled by a warg

Illustrated notes

Levels and vault maps discovered:
D:1:      dpeg_arrival_morbid_curiosity, layout_loops_corners,
          hellmonk_ecumenical_altar_arch_garden, hex_tiny
D:2:      layout_loops_cross
D:3:      layout_basic, mainiacjoe_overflow_boulevard,
          mainiacjoe_overflow_24_doors, nzn_wu_jian_contemplation,
          mainiacjoe_overflow_brackets, serial_shops,
          nicolae_shop_hallway_stairs, uniq_ijyb, uniq_sigmund, uniq_terence
D:4:      kennysheep_kobold_camp, layout_basic, minmay_temple_entry_statues,
          minmay_fractal_squares_5, uniq_grinder, uniq_eustachio,
          uniq_blork_the_orc, uniq_robin
D:5:      layout_loops_cross, grunt_temple_overflow_magic_moments,
          gammafunk_ghost_abyssal_escape, uniq_duvessa, uniq_pikel,
          uniq_prince_ribbit1
D:6:      layout_layer_cave, mainiacjoe_overflow_chevrons
D:7:      layout_gridville
D:8:      kennysheep_steamy, layout_basic
D:9:      layout_irregular_city, david_orc_3, serial_column_ruins,
          column_ruins_hut_ruined, column_ruins_corridor_straight,
          column_ruins_open_small_water, column_ruins_corridor_straight,
          column_ruins_grid_1, chequers_serial_rivers_marsh, nrook_campfire,
          uniq_erica, uniq_maurice, uniq_gastronok
Orc:1:    layout_diamond_mine, gammafunk_ghost_berserking_beasts, serial_shops,
          nicolae_square_shop, nicolae_orc_lava_tube, mines2_david

Skill      XL: |  1  2  3  4  5  6  7  8  9 10 11 |
---------------+----------------------------------+-----
Unarmed Combat | 4 5 7 8 10 11 12 | 12.0
Fighting       | 3 4 5 6 |  6.2
Evocations     | 4 6 7 |  7.1
Dodging        | 5 6 |  6.2
Maces & Flails | 2 4 |  4.5

Action                   |  1- 3 |  4- 6 |  7- 9 | 10-12 || total
-------------------------+-------+-------+-------+-------++-------
Melee: Unarmed           |   110 |    62 |   279 |   274 ||   725
       Punch             |       |     1 |     8 |    16 ||    25
Throw: Boomerang         |       |       |       |     1 ||     1
       Javelin           |       |       |       |     2 ||     2
Invok: Berserk           |       |     4 |     6 |    11 ||    21
       Trog's Hand       |       |     2 |     2 |     9 ||    13
       Brothers in Arms  |       |       |       |     1 ||     1
 Abil: Evoke Blink       |       |       |       |     1 ||     1
Evoke: Wand              |       |       |       |     1 ||     1
  Use: Scroll            |     6 |     3 |       |    15 ||    24
       Potion            |     1 |     1 |       |     5 ||     7
 Stab: Sleeping          |     1 |     1 |       |       ||     2
Armor: Animal skin       |    41 |     5 |       |       ||    46
       Robe              |       |     6 |    53 |    63 ||   122
Dodge: Dodged            |    47 |    29 |   100 |   127 ||   303
